AoeStats
← Deathhorse

Lombardia

508558563Analyzed
2v2 RM · 11d ago on Sep 23, 2026· 56m 17s· 4 players
Game mode
Random Map
Map size
Medium (4 player)
Population
200
Speed
Normal
Resources
Standard
Victory
Conquest
Starting age
Dark Age
Ending age
Imperial Age
RankedLock teamsTeams togetherTeam positionsShared explorationLock speedFull tech treeHidden civsTurbo modeCheats
Victory
Defeat
🇨🇴 Mongols · Colombia
932
+15
🇨🇴 Khmer · Colombia
885
+17
🇦🇷 Vietnamese · Argentina
959
-18
🇦🇷 Aztecs · Argentina
857
-14
Franklin
10:38 Feudal Age
11:50 Double-Bit Axe
11:46 Horse Collar
22:49 Castle Age
23:58 Bow Saw
23:50 Heavy Plow
26:26 Gold Mining
27:34 Elite Skirmisher
28:34 Loom
31:01 Ballistics
32:32 Wheelbarrow
32:29 Sanctity
33:18 Fletching
33:29 Padded Archer Armor
35:28 Hand Cart
37:03 Thumb Ring
40:36 Imperial Age
38:31 Bodkin Arrow
38:58 Leather Archer Armor
41:21 Forging
41:13 Scale Mail Armor
40:55 Imperial Skirmisher
42:48 Two-Man Saw
41:50 Bracer
42:21 Ring Archer Armor
42:55 Chemistry
42:10 Onager
44:37 Iron Casting
44:18 Chain Mail Armor
48:35 Pikeman
50:59 Squires
50:20 Halberdier
51:03 Squires
Mek666nix
7:28 Loom
10:48 Feudal Age
18:39 Castle Age
17:10 Double-Bit Axe
17:07 Horse Collar
23:23 Fervor
24:05 Redemption
24:31 Sanctity
24:21 Eagle Warrior
27:02 Gold Mining
27:24 Bow Saw
28:16 Elite Skirmisher
30:23 Stone Mining
30:34 Heavy Plow
34:51 Imperial Age
33:33 Gold Shaft Mining
34:19 Padded Archer Armor
34:10 Fletching
35:16 Atlatl
36:29 Block Printing
36:44 Illumination
36:40 Atonement
37:55 Leather Archer Armor
37:35 Bodkin Arrow
37:21 Elite Jaguar Warrior
39:57 Wheelbarrow
39:43 Bracer
39:06 Imperial Skirmisher
41:26 Stone Shaft Mining
41:23 Crop Rotation
41:48 Conscription
43:49 Hand Cart
45:42 Town Watch
51:35 Theocracy
Deathhorse
13:00 Feudal Age
15:55 Castle Age
14:53 Gold Mining
15:06 Horse Collar
15:47 Scale Barding Armor
15:59 Double-Bit Axe
17:08 Heavy Plow
17:37 Bow Saw
18:12 Wheelbarrow
25:57 Hand Cart
26:33 Padded Archer Armor
27:34 Stone Mining
28:29 Chain Barding Armor
29:17 Leather Archer Armor
31:46 Scale Mail Armor
33:56 Fletching
37:50 Imperial Age
35:52 Tusk Swords
36:06 Forging
36:56 Ballistics
37:02 Husbandry
37:14 Bloodlines
37:06 Heated Shot
38:24 Stone Shaft Mining
38:29 Gold Shaft Mining
38:45 Iron Casting
38:25 Devotion
38:38 Double Crossbow
40:36 Plate Barding Armor
41:07 Ring Archer Armor
40:56 Chain Mail Armor
41:28 Faith
42:34 Caravan
42:18 Heavy Scorpion
43:19 Bodkin Arrow
44:54 Redemption
44:25 Elite Ballista Elephant
46:14 Heavy Cavalry Archer
47:22 Parthian Tactics
48:00 Chemistry
48:10 Siphons
48:39 Onager
50:06 Hoardings
49:45 Masonry
49:09 Cavalier
HAN SOLO
9:46 Feudal Age
11:02 Double-Bit Axe
19:50 Castle Age
18:22 Gold Mining
19:54 Stone Mining
21:24 Gold Shaft Mining
20:50 Fletching
22:08 Bow Saw
23:08 Thumb Ring
26:59 Scale Barding Armor
31:05 Stone Shaft Mining
32:08 Bodkin Arrow
32:33 Chain Barding Armor
33:27 Wheelbarrow
34:14 Loom
37:54 Imperial Age
36:19 Hand Cart
35:59 Horse Collar
36:37 Padded Archer Armor
36:49 Forging
36:58 Bloodlines
37:58 Ballistics
38:43 Iron Casting
38:20 Town Watch
38:47 Bracer
39:52 Chemistry
39:39 Heavy Plow
39:15 Elite Mangudai
40:27 Light Cavalry
41:07 Husbandry
42:15 Blast Furnace
41:59 Caravan
42:05 Hussar
43:52 Murder Holes
Connection lost

Rejoining the realm…

Still unreachable

The connection could not be restored.

Session expired

The server has moved on; the page needs a fresh start.